 Dungeon Crawl Stone Soup version 0.32-a0-834-geaf45d8e21 (webtiles) character file.

Game seed: 14558730262819260030

8 AstroCodex24 the Shield-Bearer (level 2, 0/23 HPs)
             Began as a Vampire Fighter on Mar 26, 2024.
             Slain by an orc
             ... wielding a +0 club
              (2 damage)
             ... on level 4 of the Dungeon.
             The game lasted 00:00:52 (152 turns).

AstroCodex24 the Shield-Bearer (Vampire Fighter)     Turns: 152, Time: 00:00:53

Health: 0/23       AC:  6    Str: 15    XL:     2   Next: 0%
Magic:  2/2        EV:  7    Int: 10    God:
Gold:   0          SH:  4    Dex: 13    Spells: 1/1 levels left

rFire   . . .        g - +1 short sword (flame)
rCold   . . .        c - +0 buckler
rNeg    . . .        b - +0 scale mail
rPois   .            (no helmet)
rElec   .            (no cloak)
rCorr   .            (no gloves)
SInv    +            (no boots)
Will    .....        (no amulet) Stlth
                     (no ring)
HPRegen 0.43/turn    (no ring)
MPRegen 0.08/turn

%: no passive effects
@: healing quickly
A: alive, fangs 3, see invisible, vampiric 1
a: Exsanguinate, Convert to Beogh


You were on level 4 of the Dungeon.
You visited 1 branch of the dungeon, and saw 4 of its levels.

Inventory:

Hand Weapons
 a - a +0 war axe
 g - a +1 short sword of flaming (weapon)
Armour
 b - a +0 scale mail (worn)
 c - a +0 buckler (worn)
Scrolls
 e - a scroll of identify {unknown}
 f - a scroll of vulnerability {unknown}
Potions
 d - a potion of might


   Skills:
 + Level 2.8 Fighting
 + Level 1.8 Axes
 + Level 2.6 Armour
 + Level 2.8 Shields


You had one spell level left.
You didn't know any spells.
Your spell library was empty.

Dungeon Overview and Level Annotations

Branches:
Dungeon (4/15)
 Temple: D:4-7

Altars:


Innate Abilities, Weirdness & Mutations

Your natural rate of healing is accelerated.
You have razor-sharp teeth.
You have supernaturally acute eyesight. (SInv)
You are afflicted with vampirism.


Message History

You hit the hobgoblin. You burn the hobgoblin.
You kill the hobgoblin!
The orc hits you but does no damage. You block the orc's attack.
You have reached level 2!
You hit the orc but do no damage. You block the orc's attack.
The orc hits you but does no damage.
You hit the orc but do no damage. The orc hits you with a +0 dagger.
The orc barely misses you. The orc priest closely misses you.
You hit the orc priest. You burn the orc priest.
The orc priest is moderately wounded.
The orc hits you but does no damage.
The orc priest hits you with a +0 hand axe.
The orc barely misses you. The orc hits you but does no damage.
The orc priest invokes the aid of Beogh against you.
Pain shoots through your body! The orc hits you but does no damage.
The orc priest threatens, "Beogh's wrath is as vast as their mercy.
Make your choice!" (press Y on the ability menu to convert to Beogh)
You barely miss the orc priest.
The orc priest is moderately wounded.
The orc hits you with a +0 dagger. The orc closely misses you.
The orc barely misses you.
The orc priest hits you with a +0 hand axe.
* * * LOW HITPOINT WARNING * * *
You hit the orc priest. You burn the orc priest.
The orc priest is severely wounded.
The orc hits you with a +0 club.
* * * LOW HITPOINT WARNING * * *
The orc hits you but does no damage.
The orc priest hits you with a +0 hand axe.
* * * LOW HITPOINT WARNING * * *
The orc hits you but does no damage.
You barely miss the orc priest.
The orc priest is severely wounded.
The orc closely misses you. The orc barely misses you.
The orc priest miscasts a cantrip.
The orc hits you but does no damage.
You closely miss the orc priest. Your bite misses the orc priest.
The orc priest is severely wounded.
The orc hits you but does no damage. The orc hits you with a +0 club.
You die...

#. . ... #.. ...... . .
....###.. .....# #.#..#
...#.#.##.....## #.#.##
#......$....... ##....#
#..............##......
#.#......................
.......ooo..............#
#......o@....#..........#
###.........###........##
###.##...............#.
#. #..........†..#... #
##...##.....†..##..
#...........#..###.
###.####.###..## ## #.#
### #### ###


You could see an orc priest and 3 orcs.

Vanquished Creatures
  A ball python (D:4)
  A bat (D:2)
  2 hobgoblins (D:4)
  A quokka (D:3)
  A frilled lizard (D:2)
  A rat (D:2)
7 creatures vanquished.

Notes
Turn   | Place    | Note
-------+----------+-------------------------------------------
     0 | D:1      | AstroCodex24 the Vampire Fighter began the quest for the
                  | Orb.
     0 | D:1      | Reached XP level 1. HP: 17/17 MP: 1/1
    31 | D:2      | Found a faded altar of an unknown god.
   140 | D:4      | Noticed an orc priest
   146 | D:4      | Reached XP level 2. HP: 21/23 MP: 2/2
   150 | D:4      | HP: 1/23 [orc priest/+0 hand axe (3)]
   152 | D:4      | Slain by an orc

Illustrated notes

Levels and vault maps discovered:
D:1:      heliophobic_arrival_glass_houses, layout_basic
D:2:      layout_basic, ebering_ecumenical_altar_webs, minmay_misc_feat_iff,
          chequers_decorated_corner, minmay_misc_feat_tiny,
          minmay_misc_feat_room
D:3:      layout_loops_corners, overflow_temple_1_default
D:4:      layout_cave_pools, nicolae_ru_path_of_blood, reono_crystal_passage

Action                     || total
---------------------------++-------
  Melee: War axe           ||    11
         Short sword       ||    15
         Bite              ||     1
 Armour: Scale mail        ||    35
  Dodge: Dodged            ||    22
  Block: Buckler           ||    11

Table legend: (Time is in decaauts)
 A = Elapsed time spent in this place.
 B = Non-inter-level travel time spent in this place.
 C = Inter-level travel time spent in this place.
 D = Time resting spent in this place.
 E = Time spent auto-exploring this place.
 F = Levels seen in this place.
 G = Mean time per level.
                   A        B        C        D        E       F      G
               +--------+--------+--------+--------+--------+-----+--------+
         Total |    156 |    156 |      0 |      0 |      0 |   4 |   39.0 |
       Dungeon |    156 |    156 |      0 |      0 |      0 |   4 |   39.0 |
               +--------+--------+--------+--------+--------+-----+--------+

Top non-repeatable levels by time:
     D:3: 54 daAuts
     D:4: 52 daAuts
     D:2: 34 daAuts
     D:1: 15 daAuts
